Map: Thunderbird LE

Players

Serral - Winner!

  • Race: Zerg Zerg
  • League: Grandmaster
  • Spawn Location: 11:00

TYTY (TY)

  • Race: Terran Terran
  • League: Master
  • Spawn Location: 5:00

Event: HomeStory Cup XIX

VOD

Have the link to the VOD?

Description

Time

  • Played on: June 30, 2019, 6:07 p.m.
  • Length: 16:11

All games in this series

Show
View Real Time Build Order
Export as new Build Order

Serral Zerg - Winner!

Build Orders: Hatch First, Swarm Host 

Get SALT Encoding   

  12  0:00  Drone  
  13  0:12  Overlord  
  13  0:16  Drone  
  14  0:30  Drone x2  
  16  0:48  Hatchery  
  15  0:52  Drone  
  15  0:55  Drone  
  17  0:57  Drone  
  18  1:09  Extractor  
  17  1:13  Spawning Pool  
  17  1:16  Drone  
  17  1:19  Drone  
  18  1:27  Drone  
  19  1:39  Drone  
  20  1:59  Queen, Overlord  
  20  2:00  Zergling x4, Queen  
  26  2:11  Metabolic Boost  
  26  2:12  Drone x2  
  28  2:24  Drone x2  
  28  2:26  Extractor  
  29  2:34  Drone x2  
  29  2:35  Queen  
  33  2:45  Overlord  
  34  2:52  Hatchery  
  34  2:54  Drone x2  
  35  2:59  Drone  
  36  3:12  Drone x2, Overlord  
  38  3:13  Drone x2  
  38  3:15  Drone  
  38  3:19  Queen  
  41  3:24  Overlord  
  43  3:29  Overlord  
  43  3:31  Zergling x2  
  44  3:38  Zergling x2  
  45  3:42  Drone  
  45  3:43  Drone x3  
  45  3:46  Overlord  
  49  3:51  Drone x3  
  52  3:56  Queen  
  52  4:02  Drone x2  
  56  4:07  Drone x2  
  56  4:09  Queen  
  60  4:18  Drone x6, Evolution Chamber  
  60  4:19  Evolution Chamber, Extractor  
  63  4:26  Zergling x4  
  63  4:29  Overlord  
  63  4:30  Drone x3  
  68  4:33  Spore Crawler  
  68  4:35  Queen  
  68  4:37  Zergling x2  
  68  4:38  Zergling x2  
  71  4:40  Drone  
  71  4:47  Zerg Ground Armor Level 1, Zerg Melee Weapons Level 1  
  71  4:48  Drone x2  
  71  4:52  Drone x3  
  76  4:56  Lair, Extractor  
  76  4:57  Drone  
  76  5:01  Overlord  
  76  5:02  Drone  
  76  5:05  Drone x3  
  80  5:08  Drone  
  80  5:12  Baneling Nest  
  80  5:13  Zergling x2  
  80  5:14  Zergling x2  
  82  5:17  Overlord  
  82  5:18  Overlord  
  82  5:19  Extractor x2  
  78  5:30  Overlord  
  78  5:32  Zergling x14  
  81  5:42  Drone x2  
  82  5:44  Extractor  
  82  5:49  Drone x3  
  84  5:50  Hatchery  
  84  5:55  Centrifical Hooks, Spore Crawler x2  
  80  6:03  Zergling x18  
  87  6:10  Drone  
  86  6:14  Drone x2  
  88  6:22  Overlord  
  88  6:24  Drone  
  88  6:25  Drone x3  
  92  6:26  Roach Warren  
  92  6:27  Baneling x3  
  92  6:28  Baneling x4, Overseer  
  92  6:30  Drone  
  92  6:32  Drone  
  93  6:33  Drone  
  93  6:39  Drone x2  
  96  6:43  Zerg Missile Weapons Level 1  
  96  6:44  Zerg Melee Weapons Level 2  
  96  6:52  Drone  
  96  6:54  Drone x5  
  100  6:55  Overlord  
  100  6:57  Overlord  
  100  7:00  Pneumatized Carapace  
  102  7:05  Baneling x2, Queen  
  102  7:07  Roach x4  
  111  7:08  Glial Reconstitution  
  111  7:14  Roach x3  
  117  7:19  Roach x3  
  123  7:26  Infestation Pit  
  117  7:42  Drone x6  
  117  7:43  Drone x3  
  123  7:47  Drone x4  
  125  7:55  Overlord x4  
  125  7:58  Extractor  
  125  7:59  Overlord  
  125  8:00  Extractor  
  125  8:03  Overlord  
  125  8:05  Infestor x2  
  127  8:07  Overseer  
  127  8:14  Infestor  
  127  8:16  Ravager  
  127  8:17  Ravager x4, Roach x2  
  127  8:18  Zergling x14, Roach x2  
  149  8:25  Nydus Network  
  148  8:28  Swarm Host x4  
  160  8:45  Hatchery  
  160  8:46  Baneling x9  
  159  8:52  Swarm Host x4  
  171  8:57  Overlord  
  171  8:59  Overlord x4  
  171  9:02  Spine Crawler x2  
  169  9:08  Zerg Missile Weapons Level 2  
  168  9:15  Swarm Host x2  
  174  9:18  Zergling x4  
  174  9:20  Drone x3  
  179  9:24  Hive  
  179  9:27  Spire  
  179  9:30  Nydus Canal  
  178  9:35  Drone x2  
  180  9:40  Swarm Host x4  
  180  9:44  Extractor x2, Spine Crawler x2, Swarm Host  
  191  9:52  Nydus Canal  
  190  9:57  Swarm Host x2  
  194  10:00  Spine Crawler  
  194  10:01  Spine Crawler x2  
  194  10:02  Drone x9, Spine Crawler  
  194  10:03  Drone  
  200  10:20  Nydus Canal  
  200  10:23  Baneling x8  
  200  10:49  Nydus Canal  
  200  10:53  Roach x2  
  199  10:58  Zergling x2  
  200  11:09  Zergling x12  
  196  11:16  Ravager x3  
  196  11:17  Ravager  
  199  11:24  Roach x8  
  198  11:29  Baneling x7  
  197  11:37  Roach  
  197  11:38  Roach x6  
  193  11:44  Roach x7  
  193  11:46  Roach x5  
  184  11:55  Infestor x3  
  184  11:58  Greater Spire  
  184  12:00  Ravager x2  
  184  12:01  Ravager x8  
  200  12:06  Ravager x3  
  200  12:07  Ravager x2  
  194  12:14  Zergling x12  
  191  12:27  Queen x3  
  197  12:30  Drone x3  
  197  12:33  Baneling x3  
  197  12:34  Baneling x9  
  200  12:43  Nydus Canal  
  200  13:05  Zerg Missile Weapons Level 3, Zerg Melee Weapons Level 3  
  178  13:16  Zergling x22, Roach x6  
  191  13:22  Zergling x2, Roach x4  
  198  13:29  Hatchery  
  197  13:36  Baneling  
  197  13:37  Baneling x21  
  191  13:56  Ravager x9  
  191  14:02  Nydus Canal  
  200  14:03  Overseer  
  200  14:06  Overseer  
  200  14:09  Zerg Flyer Weapons Level 1  
  200  14:12  Spire  
  200  14:15  Spore Crawler x2  
  200  14:16  Spore Crawler  
  200  14:17  Spore Crawler  
  195  14:26  Nydus Canal  
  193  14:42  Zergling x28  
  193  14:43  Zergling x4  
  196  14:46  Infestor  
  198  14:54  Nydus Canal  
  198  15:08  Baneling x31  
  198  15:09  Zergling x4  
  194  15:15  Zergling x18  
  170  15:30  Queen  
  170  15:31  Roach x6  
  170  15:32  Zergling x30, Roach x2  
  196  15:39  Baneling x9  
  196  15:41  Zergling x16, Roach x6  
  199  15:46  Roach  
  199  15:47  Roach x6  
  197  15:53  Zergling x2  
Show
View Real Time Build Order
Export as new Build Order

TYTY Terran 

Build Orders: Reaper Expand 

Get SALT Encoding   

  12  0:00  SCV  
  13  0:12  SCV  
  14  0:18  Supply Depot  
  14  0:24  SCV  
  15  0:39  SCV  
  15  0:40  Barracks  
  16  0:43  Refinery  
  16  0:51  SCV  
  17  1:03  SCV  
  18  1:16  SCV  
  19  1:27  Reaper  
  19  1:29  Orbital Command  
  20  1:39  Command Center  
  20  1:53  Supply Depot  
  20  1:54  SCV  
  20  1:59  Marine  
  22  2:04  Factory  
  22  2:08  SCV  
  23  2:20  Barracks Reactor, SCV  
  24  2:33  SCV  
  25  2:41  Command Center  
  25  2:52  Orbital Command  
  25  2:53  SCV  
  26  2:59  Starport  
  26  3:01  Marine  
  26  3:03  Marine  
  28  3:07  SCV  
  28  3:09  Refinery  
  29  3:18  SCV  
  29  3:19  Marine, SCV  
  32  3:24  Factory Tech Lab  
  31  3:29  Marine  
  31  3:30  SCV  
  31  3:31  SCV  
  34  3:36  Viking  
  34  3:37  Marine  
  37  3:42  SCV  
  37  3:47  SCV  
  39  3:54  Orbital Command  
  40  3:55  SCV  
  40  3:59  SCV, Hellion x2  
  45  4:04  Armory  
  45  4:08  SCV  
  46  4:10  Liberator  
  46  4:11  Refinery, SCV  
  47  4:20  SCV, Supply Depot  
  47  4:21  SCV, Hellion x2  
  53  4:30  SCV  
  57  4:34  SCV, Supply Depot  
  58  4:42  SCV, Hellion x2  
  63  4:46  Supply Depot  
  63  4:48  SCV x2  
  65  4:54  Refinery, SCV  
  66  5:00  SCV x2  
  66  5:03  Hellion  
  66  5:04  Hellion  
  72  5:09  Factory  
  72  5:10  Factory  
  72  5:11  SCV  
  72  5:12  SCV  
  74  5:16  Barracks Tech Lab  
  74  5:17  Starport Reactor  
  74  5:18  SCV  
  75  5:22  Supply Depot  
  75  5:24  SCV  
  75  5:25  Hellion x2  
  79  5:29  Orbital Command  
  79  5:30  SCV  
  76  5:36  SCV  
  76  5:42  SCV  
  78  5:46  Hellion x2  
  78  5:48  SCV  
  82  5:54  SCV  
  83  5:57  Thor  
  83  6:00  SCV  
  91  6:12  Medivac  
  91  6:14  Medivac  
  91  6:17  Thor  
  96  6:20  Terran Vehicle Weapons Level 1  
  96  6:21  SCV x2  
  99  6:26  Supply Depot  
  99  6:27  Supply Depot  
  99  6:30  Refinery  
  99  6:31  Refinery, SCV  
  99  6:36  Hellion  
  101  6:42  Factory x2  
  101  6:47  SCV  
  101  6:48  SCV x2, Hellion  
  101  6:50  Supply Depot  
  106  6:57  Supply Depot  
  106  6:59  Starport Reactor  
  106  7:00  SCV x2  
  111  7:01  Supply Depot  
  111  7:03  SCV  
  111  7:06  Hellion  
  117  7:12  Cyclone, Mag-Field Accelerator  
  117  7:13  SCV x2, Cyclone  
  119  7:15  SCV  
  119  7:21  Hellion  
  122  7:42  Factory Reactor, Factory Tech Lab  
  122  7:43  SCV  
  117  7:44  SCV, Cyclone  
  117  7:45  SCV, Cyclone  
  117  7:46  Hellion x2  
  117  7:50  Medivac x2  
  133  7:52  Hellion x3  
  133  8:03  Command Center  
  133  8:06  Supply Depot  
  133  8:08  Command Center x2, Cyclone  
  133  8:12  Hellion x4  
  136  8:15  Terran Vehicle And Ship Armor Level 1  
  139  8:22  Supply Depot x2  
  139  8:23  Supply Depot  
  139  8:27  Supply Depot x2  
  139  8:29  Infernal Pre-Igniter  
  139  8:31  Supply Depot  
  139  8:32  Hellion x2  
  148  8:34  Hellion  
  148  8:40  Supply Depot  
  148  8:44  Hellion  
  148  8:47  Siege Tank x3  
  151  8:49  Armory, SCV x2  
  151  8:50  SCV  
  154  9:01  SCV x2  
  156  9:03  Engineering Bay  
  156  9:08  SCV  
  157  9:17  Orbital Command  
  157  9:19  Siege Tank  
  157  9:20  Siege Tank  
  157  9:21  Siege Tank  
  157  9:23  Orbital Command  
  166  9:28  Planetary Fortress  
  166  9:30  Missile Turret  
  166  9:33  Missile Turret  
  166  9:46  Hellion x2  
  166  9:47  Refinery, Hellion x2  
  166  9:51  Siege Tank  
  166  9:52  Siege Tank, Refinery  
  176  9:59  Liberator x2  
  170  10:01  Siege Tank  
  175  10:08  Terran Vehicle Weapons Level 2  
  175  10:13  Hellion x2  
  175  10:14  Hellion  
  180  10:23  Siege Tank  
  180  10:27  Command Center  
  180  10:28  Sensor Tower  
  183  10:34  Terran Vehicle And Ship Armor Level 2  
  173  10:37  Hellion x2  
  173  10:39  SCV x3  
  173  10:40  SCV  
  173  10:42  SCV  
  177  10:44  Liberator  
  177  10:47  Liberator  
  175  10:51  Orbital Command  
  175  10:56  Siege Tank x2  
  180  10:58  Hellion x2  
  178  11:20  Refinery  
  178  11:22  Siege Tank  
  156  11:28  Siege Tank  
  156  11:29  Hellion x2  
  156  11:30  Hellion  
  165  11:32  Liberator  
  165  11:33  Liberator  
  165  11:39  Hellion  
  155  11:41  SCV x3  
  146  11:52  Siege Tank  
  146  11:53  Hellion  
  146  11:54  Siege Tank, Hellion  
  128  11:55  Hellion  
  128  11:56  SCV  
  132  12:04  Orbital Command, Factory  
  132  12:05  Factory  
  132  12:06  Hellion x2  
  136  12:19  Liberator  
  136  12:22  SCV  
  126  12:27  Hellion x2  
  126  12:28  Hellion  
  126  12:29  Liberator, Hellion  
  137  12:36  Refinery  
  141  12:45  Cyclone x3  
  141  12:50  Hellion  
  146  12:58  SCV x2  
  146  13:00  SCV  
  146  13:02  Factory Tech Lab  
  146  13:03  Factory Tech Lab  
  140  13:07  Terran Vehicle And Ship Armor Level 3  
  140  13:08  Hellion x3  
  149  13:27  Cyclone  
  149  13:28  Hellion  
  149  13:29  Hellion  
  149  13:30  Terran Vehicle Weapons Level 3  
  149  13:32  Hellion  
  149  13:33  Hellion  
  157  13:36  Command Center  
  154  13:48  Siege Tank x4  
  149  13:50  Hellion x2  
  146  13:56  SCV  
  146  13:57  SCV x5  
  146  14:01  SCV  
  146  14:02  Siege Tank  
  149  14:03  Liberator, Hellion x2  
  151  14:19  Hellion x2  
  151  14:20  Siege Tank  
  161  14:30  Orbital Command  
  161  14:31  Siege Tank x2  
  161  14:32  Siege Tank  
  161  14:33  Hellion  
  172  14:44  SCV x2  
  161  14:48  Siege Tank  
  161  14:50  Orbital Command  
  161  14:52  Siege Tank, Hellion x2  
  167  14:53  Hellion  
  167  14:54  Hellion  
  167  14:55  Planetary Fortress  
  168  15:12  Siege Tank x2, Orbital Command  
  168  15:13  Hellion  
  133  15:30  Hellion x2  
  133  15:34  Hellion  
Tags
 
Add a new tag
Caveats
  • Supply blocks, unpowered buildings, or Contaminate may cause inaccurate times.
  • Supply counts are checked every 10 seconds.